 Dungeon Crawl Stone Soup version 0.27.1-3-gb3d3a73c9e (webtiles) character file.

Game seed: 4592783447245834619

1667 Crownlay the Carver (level 8, -1/74 (75) HPs)
             Began as a Minotaur Berserker on Oct 23, 2021.
             Was a Priest of Trog.
             Slain by a wight (2 damage)
             ... on level 7 of the Dungeon.
             The game lasted 00:07:24 (6119 turns).

Crownlay the Carver (Minotaur Berserker)            Turns: 6119, Time: 00:07:24

HP:   -1/74 (75)    AC:  7    Str: 24    XL:     8   Next: 69%
MP:   7/7           EV: 11    Int:  4    God:    Trog [***...]
Gold: 301           SH:  5    Dex: 16    Spells: 7/7 levels left

rFire    + . .     SeeInvis .   a - +1 falchion
rCold    . . .     Faith    .   (no shield)
rNeg     . . .     Spirit   .   d - +0 scale mail
rPois    .         Reflect  +   (helmet restricted)
rElec    .         Harm     .   s - +0 cloak
rCorr    .         Rampage  .   (no gloves)
Will     ++...                  (no boots)
Stlth    ..........             e - amulet of reflection
HPRegen  1.22/turn              A - +6 ring of dexterity
MPRegen  0.10/turn              B - ring of protection from fire

@: strong-willed, on berserk cooldown, regenerating, slowed, lightly drained,
very slow
A: horns 2, retaliatory headbutt
a: Renounce Religion, Berserk, Trog's Hand


You were on level 7 of the Dungeon.
You worshipped Trog.
Trog was most pleased with you.
You visited 1 branch of the dungeon, and saw 7 of its levels.

You collected 301 gold pieces.

Inventory:

Hand Weapons
 a - a +1 falchion (weapon)
Missiles
 p - 4 atropa-tipped darts (quivered)
Armour
 d - a +0 scale mail (worn)
 r - the +2 pair of gloves "Pooschaf" {rF+ Int-5 Slay+2}
   (You found it on level 4 of the Dungeon)

   Int:       It affects your intelligence (-5).
   Slay:      It affects your accuracy & damage with ranged weapons and melee
   (+2).
   rF:        It protects you from fire.
 s - a +0 cloak (worn)
Jewellery
 e - an amulet of reflection (around neck)
 A - a +6 ring of dexterity (left hand)
 B - a ring of protection from fire (right hand)
Scrolls
 b - 2 scrolls of amnesia
 h - a scroll of fear {unknown}
 k - a scroll of identify {unknown}
 n - a scroll of silence {unknown}
 o - 3 scrolls of teleportation
 q - a scroll of enchant armour {unknown}
 t - a scroll of immolation {unknown}
 v - a scroll of noise
 w - a scroll of torment
 x - a scroll of enchant weapon
 y - a scroll of acquirement {unknown}
Potions
 c - a potion of cancellation {unknown}
 f - 5 potions of curing
 g - a potion of magic {unknown}
 i - a potion of attraction {unknown}
 j - 2 potions of degeneration {unknown}
 l - a potion of flight {unknown}
 m - 4 potions of lignification {unknown}
 u - a potion of heal wounds {unknown}
 z - 4 potions of haste {unknown}
 C - a potion of might {unknown}


   Skills:
 + Level 8.5 Fighting
 * Level 11.3 Long Blades
 - Level 2.4 Armour
 - Level 2.1 Dodging


You had 7 spell levels left.
You didn't know any spells.
Your spell library was empty.

Dungeon Overview and Level Annotations

Branches:
Dungeon (7/15)             Temple (0/1) D:5

Altars:
Okawaru

Shops:
D:5 [

Annotations:
D:3 1 runed translucent door
D:5 3 runed translucent doors, diceflayer's ghost, novice MiFi; othur's ghost, novice HOFi


Innate Abilities, Weirdness & Mutations

You have a pair of horns on your head.
You reflexively headbutt those who attack you in melee.


Message History

Things that are here:
a +1 dagger; a +0 robe You hit the wight.
The wight is lightly damaged.
The wight hits you with a +3 halberd!
You barely miss the wight.
The wight is lightly damaged.
You are no longer berserk.
You are exhausted.
You feel yourself slow down.
You closely miss the wight.
The wight is lightly damaged.
The wight hits you with a +3 halberd!
* * * LOW HITPOINT WARNING * * *
You completely miss the wight.
The wight is lightly damaged.
The wight completely misses you. You furiously retaliate!
You headbutt the wight.
You riposte.
You hit the wight. Your headbutt misses the wight.
The wight is almost destroyed.
A wight comes into view. It is wielding a +5 mace of freezing.
You slash the wight!
You destroy the wight!
Trog accepts your kill.
Your life force feels restored.
You hit the wight but do no damage. The wight hits you but does no damage.
You hit the wight. Your headbutt misses the wight.
The wight is moderately damaged.
The wight hits you with a +5 mace of freezing.
* * * LOW HITPOINT WARNING * * *
You feel drained.
* * * LOW HITPOINT WARNING * * *
The wight freezes you.
* * * LOW HITPOINT WARNING * * *
You hit the wight.
The wight is heavily damaged.
The wight hits you with a +5 mace of freezing!
* * * LOW HITPOINT WARNING * * *
The wight freezes you.
You die...

#+# # #.# ..
#.# #.###.##
#......##
#......@#
####.?..z...#
#.....######...
#.#.#.# # #.#.#
..#.# ## #.#
#..


You could see a wight.

Vanquished Creatures
  A wyvern (D:6)
  A steam dragon (D:6)
  2 black bears
  A necrophage (D:6)
  An ogre (D:6)
  The ghost of YannSP the Ducker, an amateur DjGl (D:3)
  A phantom (D:5)
  A scorpion (D:6)
  A water moccasin skeleton (D:6)
  A jelly (D:6)
  2 wights (D:7)
  Crazy Yiuf (D:6)
  3 orc priests
  2 centaur skeletons
  Natasha (thrice) (D:3)
  3 iguanas
  3 orc wizards
  3 hound skeletons
  A howler monkey zombie (D:5)
  3 gnolls (D:5)
  7 adders
  A river rat (D:3)
  An ufetubus (D:6)
  An adder skeleton (D:4)
  2 worms
  3 dart slugs
  9 orcs
  6 bats
  8 endoplasms
  4 giant cockroaches
  10 goblins
  3 hobgoblins
  4 jackals (D:2)
  4 quokkas
  4 ball pythons
  6 frilled lizards
  5 kobolds
  4 rats
  A spectral kobold (D:1)
118 creatures vanquished.

Notes
Turn   | Place    | Note
-------+----------+-------------------------------------------
     0 | D:1      | Crownlay the Minotaur Berserker began the quest for the
                  | Orb.
     0 | D:1      | Reached XP level 1. HP: 19/19 MP: 0/0
   109 | D:1      | Reached skill level 4 in Long Blades
   162 | D:1      | Reached XP level 2. HP: 27/27 MP: 1/1
   290 | D:1      | Found a faded altar of an unknown god.
   637 | D:1      | Reached ** piety under Trog
   732 | D:1      | Reached XP level 3. HP: 29/33 MP: 2/2
  1235 | D:2      | Reached skill level 5 in Long Blades
  1404 | D:2      | Reached XP level 4. HP: 41/41 MP: 3/3
  1896 | D:3      | Found a runed translucent door.
  1917 | D:3      | Noticed Natasha
  1926 | D:3      | Killed Natasha
  2036 | D:3      | Reached skill level 6 in Long Blades
  2171 | D:3      | Found a runed translucent door.
  2174 | D:3      | Noticed YannSP's ghost (amateur DjGl)
  2290 | D:3      | Noticed Natasha
  2295 | D:3      | Killed Natasha
  2296 | D:3      | Reached skill level 5 in Fighting
  2296 | D:3      | Reached XP level 5. HP: 41/48 MP: 4/4
  2416 | D:3      | Killed YannSP's ghost
  2510 | D:3      | Noticed Natasha
  2518 | D:3      | Killed Natasha
  2519 | D:3      | Reached skill level 7 in Long Blades
  2519 | D:3      | Reached XP level 6. HP: 44/56 MP: 5/5
  2944 | D:4      | Identified the +2 pair of gloves "Pooschaf" {rF+ Int-5
                  | Slay+2}
  3161 | D:4      | Reached *** piety under Trog
  3616 | D:5      | Entered Level 5 of the Dungeon
  3688 | D:5      | Reached skill level 8 in Long Blades
  3743 | D:5      | Reached XP level 7. HP: 52/64 MP: 6/6
  3860 | D:5      | Found a runed translucent gate.
  3860 | D:5      | Found a runed translucent gate.
  3861 | D:5      | Found a runed translucent gate.
  3863 | D:5      | Found Liev's Armour Shoppe.
  3863 | D:5      | Noticed othur's ghost (novice HOFi)
  3863 | D:5      | Noticed diceflayer's ghost (novice MiFi)
  4001 | D:5      | Reached skill level 9 in Long Blades
  4246 | D:5      | Found a staircase to the Ecumenical Temple.
  4796 | D:6      | Reached XP level 8. HP: 73/73 MP: 7/7
  4869 | D:6      | Found an iron altar of Okawaru.
  4878 | D:6      | Reached skill level 10 in Long Blades
  5336 | D:6      | Found a runed translucent door.
  5337 | D:6      | Noticed Crazy Yiuf
  5624 | D:6      | Reached skill level 11 in Long Blades
  6049 | D:6      | Killed Crazy Yiuf
  6119 | D:7      | HP: 1/74 [wight (15)]
  6119 | D:7      | Slain by a wight

Illustrated notes

Levels and vault maps discovered:
D:1:      amcnicky_arrival_choice, layout_basic,
          dreamdust_ecumenical_altar_drowned_temple
D:2:      layout_rooms, kennysheep_donut, minmay_misc_feat_four_crosses,
          chequers_serial_rivers_room_a, minmay_hexomino_c4
D:3:      layout_basic, ebering_ghost_sewer_f, uniq_natasha
D:4:      layout_gridville
D:5:      layout_basic, minmay_temple_entry_slanted, gammafunk_ghost_cemetery,
          serial_shops, shop
D:6:      layout_basic, mainiacjoe_overflow_paths,
          minmay_a_box_with_orc_wizards_in_it, uniq_crazy_yiuf_cottage
D:7:      minmay_skewed_foursquare, layout_loops_corners, enter_bailey_5

Skill      XL: |  1  2  3  4  5  6  7  8 |
---------------+-------------------------+-----
Long Blades    | 4 5 6 7 8 9 11 | 11.3
Fighting       | 4 5 6 7 8 |  8.5
Armour         | |  2.4
Dodging        | |  2.1

Action                   |  1- 3 |  4- 6 |  7- 9 || total
-------------------------+-------+-------+-------++-------
Melee: Falchion          |    89 |   148 |   113 ||   350
       Headbutt          |    15 |    30 |    30 ||    75
Throw: Dart              |       |     1 |       ||     1
Invok: Trog's Hand       |       |     3 |     5 ||     8
       Berserk           |       |     2 |     4 ||     6
  Use: Potion            |       |       |     1 ||     1
       Scroll            |       |       |     5 ||     5
Armor: Scale mail        |    40 |    38 |    30 ||   108
Dodge: Dodged            |    48 |    49 |    44 ||   141
Block: Other             |    19 |    25 |    15 ||    59
       Reflection        |       |     2 |       ||     2
       Rpst.: Falchion   |    13 |    10 |     6 ||    29
